 Dungeon Crawl Stone Soup version 0.23-a0-512-g50a8178 (webtiles) character file.

22 Inarius the Vexing (level 2, -1/22 HPs)
             Began as a Demigod Arcane Marksman on Dec 4, 2018.
             Succumbed to an adder's poison
             ... on level 2 of the Dungeon.
             The game lasted 00:01:24 (407 turns).

Inarius the Vexing (Demigod Arcane Marksman)         Turns: 407, Time: 00:01:24

Health: -1/22      AC:  2    Str: 13    XL:     2   Next: 51%
Magic:  5/5        EV: 13    Int: 17    God:
Gold:   18         SH:  0    Dex: 16    Spells: 2/3 levels left

rFire    . . .     SeeInvis .   b - +0 long sword
rCold    . . .     Gourm    .   (no shield)
rNeg     . . .     Faith    .   e - +0 robe
rPois    .         Spirit   .   (no helmet)
rElec    .         Reflect  .   (no cloak)
rCorr    .         Harm     .   (no gloves)
MR       .....                  (no boots)
Stlth    +.........             (no amulet)
HPRegen  0.07/turn              (no ring)
MPRegen  0.09/turn              (no ring)

@: lethally poisoned (-1 -> -17), very slightly contaminated, invisible
A: high mp 1
a: no special abilities


You were on level 2 of the Dungeon.
You were not hungry.

You visited 1 branch of the dungeon, and saw 2 of its levels.

You collected 18 gold pieces.

Inventory:

Hand Weapons
 a - a +0 shortbow
 b - a +0 long sword (weapon)
Missiles
 d - 18 arrows
Armour
 e - a +0 robe (worn)
Scrolls
 h - a scroll of teleportation {unknown}
 i - a scroll of remove curse {unknown}
Comestibles
 f - a ration
 j - 4 chunks of flesh


   Skills:
 + Level 0.9 Fighting
 * Level 2.1 Bows
 + Level 2.0 Dodging
 + Level 1.0 Spellcasting
 + Level 3.3 Hexes


You had 2 spell levels left.
You knew the following spells:

 Your Spells              Type           Power        Failure   Level  Hunger
a - Corona                Hex            ##.....      5%          1    ##.....

Your spell library contained the following spells:

 Spells                   Type           Power        Failure   Level  Hunger
 Slow                     Hex            ##......     9%          2    ###....
 Inner Flame              Hex/Fire       #.......     32%         3    ####...
 Portal Projectile        Hex/Tloc       #.....       32%         3    ####...
 Cause Fear               Hex            ##........   50%         4    #####..
 Leda's Liquefaction      Hex/Erth       #.........   73%         4    #####..


Dungeon Overview and Level Annotations

Branches:
Dungeon (1/15)


Innate Abilities, Weirdness & Mutations

You have an increased reservoir of magic. (+10% MP)


Message History

The adder misses you.
It was a potion of invisibility.
You fade into invisibility!
* * * LOW HITPOINT WARNING * * *
You feel sick. The adder bites you.
* * * LOW HITPOINT WARNING * * *
You are more poisoned.
The adder poisons you!
You are very lightly contaminated with residual magic.
You hit the adder.
The adder is moderately wounded.
* * * LOW HITPOINT WARNING * * *
You feel sick. The adder barely misses you.
The kobold throws a stone.
The stone barely misses the hobgoblin.
The stone hits the adder.
The adder misses you.
The kobold throws a stone.
The stone hits the hobgoblin but does no damage.
You strike the helpless adder from behind!
You hit the adder but do no damage.
The adder is heavily wounded.
You die...

#..# #..#.# #..# ##.#.#
#..# #.#.# #..# #...#
#...# #†.###...#####..#
#Kg........# #..#
#g####...#.# #..# #S#
#...#.# ##.# #@#
#...#.####.# #.#
#.........÷##
######'####....÷....>..
#....................##
#....................#
#....................#
#....................#
#######..............#
#..............#


You could see an adder, 2 hobgoblins and a kobold.

Vanquished Creatures
  An adder (D:2)
  A worm (D:2)
  2 dart slugs (D:2)
  A goblin (D:2)
  A hobgoblin (D:2)
  A bat (D:2)
  A rat (D:2)
8 creatures vanquished.

Notes
Turn   | Place    | Note
-------+----------+-------------------------------------------
     0 | D:1      | Inarius the Demigod Arcane Marksman began the quest for the
                  | Orb.
     0 | D:1      | Reached XP level 1. HP: 15/15 MP: 4/4
     0 | D:1      | You fall through a shaft!
   195 | D:2      | Reached skill level 3 in Hexes
   195 | D:2      | Reached XP level 2. HP: 22/22 MP: 5/5
   406 | D:2      | HP: 1/22 [poisoned by an adder]
   407 | D:2      | Succumbed to an adder's poison

Vault maps used:
D:1:      eino_arrival_cavern_e, minmay_misc_feat_x

Skill      XL: |  1  2 |
---------------+-------+-----
Hexes          | 3 |  3.3
Dodging        | 2 |  2.0
Bows           | 2 |  2.1
Fighting       | |  0.9
Spellcasting   | |  1.0

Action                   || total
-------------------------++-------
Melee: Long sword        ||    20
 Fire: Shortbow          ||    20
  Use: Potion            ||     1
 Stab: Invisible         ||     1
Armor: Robe              ||     9
Dodge: Dodged            ||    17
       Rpst.: Long sword ||     2

Table legend:
 A = Non-vault XP
 B = Vault XP
 C = Vault XP percentage of total XP
 D = Non-vault monster count
 E = Vault monster count
 F = Vault count percentage of total count
                 A         B        C        D         E       F
            +---------+---------+-------+---------+---------+-------
      Total |      32 |       0 |   0.0 |       8 |       0 |   0.0
            +---------+---------+-------+---------+---------+-------
        D:2 |      32 |       0 |   0.0 |       8 |       0 |   0.0
            +---------+---------+-------+---------+---------+-------
